 Dungeon Crawl Stone Soup version 0.26.1-11-gd32895ea62 (webtiles) character file.

Game seed: 304740977426385290

114 Arcadio the Grasshopper (level 4, -5/38 HPs)
             Began as a Palentonga Warper on May 18, 2021.
             Killed by divine providence
             ... invoked by an orc priest
              (11 damage)
             ... on level 3 of the Dungeon.
             The game lasted 00:12:29 (3190 turns).

Arcadio the Grasshopper (Palentonga Warper)         Turns: 3190, Time: 00:12:29

Health: -5/38      AC:  4    Str: 15    XL:     4   Next: 67%
Magic:  7/7        EV: 10    Int: 14    God:
Gold:   146        SH:  0    Dex:  9    Spells: 2/7 levels left

rFire    . . .     SeeInvis +   a - +0 mace
rCold    . . .     Faith    .   (no shield)
rNeg     . . .     Spirit   .   b - +0 leather armour
rPois    .         Reflect  .   (no helmet)
rElec    .         Harm     .   (no cloak)
rCorr    .         Rampage  .   (no gloves)
Will     .....                  (no barding)
Stlth    +.........             i - amulet of magic regeneration
HPRegen  0.12/turn              (no ring)
MPRegen  0.35/turn              (no ring)

@: no status effects
A: large, rugged brown scales 3, see invisible, deformed body, roll 1, armoured
tail
a: Rolling Charge


You were on level 3 of the Dungeon.
You visited 1 branch of the dungeon, and saw 3 of its levels.

You collected 146 gold pieces.

Inventory:

Hand Weapons
 a - a +0 mace (weapon)
Missiles
 e - 2 boomerangs of dispersal (quivered)
 f - 4 atropa-tipped darts
Armour
 b - a +0 leather armour (worn)
Magical Staves
 l - an uncursed staff of air {unknown}
Jewellery
 i - an amulet of magic regeneration (around neck)
 k - an uncursed ring of fire
Scrolls
 d - a scroll of blinking
 h - 4 scrolls of remove curse
Potions
 c - 2 potions of magic
 g - a potion of cancellation {unknown}
 j - 2 potions of curing {unknown}
 m - 2 potions of berserk rage {unknown}
 n - a potion of invisibility {unknown}
 o - 2 potions of might {unknown}
 p - 2 potions of attraction {unknown}
 q - 2 potions of degeneration {unknown}


   Skills:
 - Level 2.0 Fighting
 + Level 2.9 Maces & Flails
 - Level 0.6 Throwing
 + Level 1.9 Armour
 + Level 2.4 Dodging
 - Level 2.0 Spellcasting
 + Level 3.8 Translocations


You had 2 spell levels left.
You knew the following spells:

 Your Spells              Type           Power        Failure   Level
a - Blink                 Tloc           N/A          10%         2
b - Gell's Gravitas       Tloc           6%           19%         3

Your spell library contained the following spells:

 Spells                   Type           Power        Failure   Level
 Lesser Beckoning         Tloc           6%           19%         3
 Teleport Other           Tloc           12%          19%         3
 Passage of Golubria      Tloc           N/A          52%         4


Dungeon Overview and Level Annotations

Branches:
Dungeon (3/15)

Altars:
Dithmenos
Elyvilon
Hepliaklqana
Makhleb
Ru
Trog
The Shining One


Innate Abilities, Weirdness & Mutations

You are completely covered in rugged brown scales. (AC +3, +7% HP)
You have supernaturally acute eyesight. (SInv)
Armour fits poorly on your strangely shaped body.
You can roll at nearby foes to attack.
You have a long armoured tail.


Message History

The orc priest begins to cast a cantrip, but forgets the words!
Okay, then.
Okay, then.
Throw: 4 boomerangs (disperse)
Press: ? - help, Q - select action, (/) - cycle Shift-Dir - straight line, f - orc priest
Aim: an orc priest, wielding a +0 dagger (54% to hit)
You throw a boomerang of dispersal.
The boomerang of dispersal hits the orc priest.
The orc priest blinks!
The orc priest is lightly wounded.
The orc priest miscasts a cantrip.
Throw: 3 boomerangs (disperse)
Press: ? - help, Q - select action, (/) - cycle Shift-Dir - straight line, f/p - orc priest
Aim: an orc priest, wielding a +0 dagger (lightly wounded, 54% to hit)
You throw a boomerang of dispersal.
The boomerang of dispersal hits the orc priest but does no damage.
The orc priest is lightly wounded.
The orc priest mumbles some strange prayers to Beogh against you.
Beogh smites you!
You die...

. .........#
.#####..####
#..####...†.###
#.............
######.####...
#.# #### #####
#.# #
#o..######## #.#
#.#§)@.....###.#
#.########>....#
#w ####### .o o:
#.o #o_


You could see an orc priest.

Vanquished Creatures
  An orc wizard (D:3)
  Robin (D:1)
  2 worms
  3 dart slugs
  2 orcs (D:3)
  8 giant cockroaches
  9 goblins
  8 hobgoblins
  2 jackals (D:1)
  8 kobolds
  A ball python (D:1)
  6 bats
  7 frilled lizards
  3 rats (D:2)
61 creatures vanquished.

Notes
Turn   | Place    | Note
-------+----------+-------------------------------------------
     0 | D:1      | Arcadio the Palentonga Warper began the quest for the Orb.
     0 | D:1      | Reached XP level 1. HP: 18/18 MP: 3/3
   288 | D:1      | Reached skill level 1 in Armour
   334 | D:1      | Reached XP level 2. HP: 25/25 MP: 5/5
   870 | D:2      | Learned a level 2 spell: Blink
   981 | D:2      | Found a glowing golden altar of the Shining One.
  1036 | D:2      | Noticed Robin
  1593 | D:1      | Reached XP level 3. HP: 25/31 MP: 6/6
  1612 | D:1      | Killed Robin
  2037 | D:2      | Found a hazy altar of Hepliaklqana.
  2045 | D:2      | Found a shadowy altar of Dithmenos.
  2047 | D:2      | Found a white marble altar of Elyvilon.
  2047 | D:2      | Found a bloodstained altar of Trog.
  2047 | D:2      | Found a glowing golden altar of the Shining One.
  2047 | D:2      | Found a sacrificial altar of Ru.
  2495 | D:2      | Learned a level 3 spell: Gell's Gravitas
  2543 | D:2      | Reached XP level 4. HP: 38/38 MP: 7/7
  2672 | D:2      | Found a burning altar of Makhleb.
  3157 | D:3      | Found a bloodstained altar of Trog.
  3190 | D:3      | Killed from afar by an orc priest

Illustrated notes

Levels and vault maps discovered:
D:1:      eino_arrival_druids_welcome, layout_basic
D:2:      layout_basic, lemuel_coloured_pillars_altar, minitemple,
          minmay_hexomino_r4, uniq_robin
D:3:      layout_rooms, chequers_mini_garden, trog_book

Skill      XL: |  1  2 |
---------------+-------+-----
Armour         | 1 |  1.9
Dodging        | 2 |  2.4
Fighting       | |  2.0
Maces & Flails | |  2.9
Throwing       | |  0.6
Spellcasting   | |  2.0
Translocations | |  3.8

Action                   |  1- 3 |  4- 6 || total
-------------------------+-------+-------++-------
Melee: Mace              |   163 |    53 ||   216
       Tailslap          |    11 |     8 ||    19
Throw: Boomerang         |     1 |     2 ||     3
 Cast: Blink             |     2 |       ||     2
 Abil: Rolling Charge    |     4 |     1 ||     5
  Use: Scroll            |     2 |     1 ||     3
Armor: Leather armour    |    79 |    16 ||    95
Dodge: Dodged            |   121 |    20 ||   141
